 Dungeon Crawl Stone Soup version 0.23-a0-445-g768d57b (webtiles) character file.

256 Lavandula the Ruffian (level 6, 0/39 HPs)
             Began as an Octopode Hunter on Nov 17, 2018.
             Was a Follower of Makhleb.
             Slain by a bullfrog (7 damage)
             ... in a sewer.
             The game lasted 00:09:35 (1325 turns).

Lavandula the Ruffian (Octopode Hunter)             Turns: 1325, Time: 00:09:35

Health: 0/39       AC:  1    Str: 14    XL:     6   Next: 16%
Magic:  6/6        EV: 13    Int: 13    God:    Makhleb [*.....]
Gold:   166        SH:  0    Dex: 12    Spells: 5/5 levels left

rFire    . . .     SeeInvis .     - Unarmed
rCold    . . .     Gourm    .   (no shield)
rNeg     . . .     Faith    .   (helmet restricted)
rPois    .         Spirit   .   (no amulet)
rElec    .         Reflect  .   (no ring)
rCorr    .         Harm     .   (no ring)
MR       .....                  (no ring)
Stlth    ++++......             (no ring)
HPRegen  0.13/turn              (no ring)
MPRegen  0.10/turn              (no ring)
                                (no ring)
                                (no ring)

@: no status effects
A: almost no armour, stealthy swim, amphibious, 8 rings, constrict 8, camouflage
1, gelatinous body 1
a: Renounce Religion


You were in a sewer.
You worshipped Makhleb.
Makhleb was aware of your devotion.
You were hungry.

You visited 2 branches of the dungeon, and saw 5 of its levels.
You also visited: Sewer.

You collected 166 gold pieces.

Inventory:

Hand Weapons
 h - a +1 spear
 i - the +6 short sword "Xekeid" {pierce, Dex+4}
   (You found it on level 4 of the Dungeon)

   It inflicts extra damage upon your enemies.
   It affects your dexterity (+4).
 l - a +0 hunting sling
Missiles
 b - 5 javelins (quivered)
 c - 2 throwing nets
 g - 34 sling bullets
Scrolls
 a - a scroll of random uselessness {unknown}
 e - a scroll of fear {unknown}
 f - a scroll of enchant weapon
 k - 2 scrolls of identify {unknown}
 o - 2 scrolls of fog {unknown}
 p - a scroll of blinking {unknown}
 q - a scroll of magic mapping {unknown}
Potions
 j - a potion of curing
 m - a potion of haste {unknown}
 n - 2 potions of heal wounds {unknown}
Comestibles
 d - 2 rations


   Skills:
 - Level 2.0 Fighting
 - Level 4.0 Throwing
 - Level 2.0 Dodging
 - Level 1.3 Stealth
 + Level 5.8 Unarmed Combat


You had 5 spell levels left.
You didn't know any spells.
Your spell library was empty.

Dungeon Overview and Level Annotations

Branches:
Dungeon (4/15)             Temple (1/1) D:4

Altars:
Cheibriados
Elyvilon
Gozag
Hepliaklqana
Kikubaaqudgha
Makhleb
Nemelex Xobeh
Okawaru
Sif Muna
Trog
Uskayaw
Vehumet
Wu Jian
Xom
Yredelemnul
The Shining One

Annotations:
D:4 3 runed doors


Innate Abilities, Weirdness & Mutations

You cannot wear most types of armour.
You are very stealthy in the water. (Stealth+)
You are amphibious.
You can wear up to eight rings at the same time.
You can use your tentacles to constrict eight enemies at once.
Your skin changes colour to match your surroundings (Stealth+).
Your rubbery body absorbs attacks. (AC +1, EV +1)


Message History

Unknown command.
You bludgeon the adder! You grab the adder.
The adder is severely wounded.
You constrict the adder. The bullfrog hits you!
* * * LOW HITPOINT WARNING * * *
The adder bites you.
* * * LOW HITPOINT WARNING * * *
You are more poisoned.
The adder poisons you! The bullfrog closely misses you.
It was a potion of curing.
You feel better.
You constrict the adder.
You kill the adder!
Makhleb accepts your kill. The bullfrog hits you!
* * * LOW HITPOINT WARNING * * *
Unknown command.
You feel better. The bullfrog hits you!
* * * LOW HITPOINT WARNING * * *
A bullfrog comes into view.
The bullfrog hits you!
You die...

#.......#.†.......#
##...††.##'##......##
#......###..##......#
##≈≈≈.## #..###≈≈..##
#≈≈≈≈≈≈# #####≈≈≈≈≈≈#
#≈≈†††≈# #≈≈≈≈≈≈#
#≈†≈≈≈≈# #≈≈≈≈≈≈#
#≈≈≈†≈≈# #≈≈≈≈≈≈#
#†≈≈≈≈≈# #≈@≈≈≈≈#
#≈.≈..## #†F≈≈≈≈#
#≈.).≈≈# #≈(≈#≈≈#
#≈..≈≈≈# #≈≈≈≈.≈#
#†≈≈≈≈≈# #≈≈≈≈.≈#
#≈≈≈≈≈≈# #≈≈≈≈≈≈#
#≈≈≈≈≈≈# #≈≈r≈≈≈#
#≈≈≈≈≈≈# #≈F≈≈≈≈#
#≈≈≈≈≈≈# #≈≈≈≈≈≈#


You could see 2 bullfrogs and a rat.

Vanquished Creatures
  Natasha (D:4)
  2 hound skeletons (D:4)
  5 adders
  8 river rats
  An ooze (D:1)
  2 worms
  A dart slug (D:1)
  3 leopard geckos
  An orc (D:4)
  3 giant cockroaches
  2 goblins (D:1)
  3 hobgoblins
  3 jackals (D:2)
  A quokka (D:4)
  14 ball pythons
  4 bats
  6 frilled lizards
  5 kobolds
  29 rats
94 creatures vanquished.

Notes
Turn   | Place    | Note
-------+----------+-------------------------------------------
     0 | D:1      | Lavandula the Octopode Hunter began the quest for the Orb.
     0 | D:1      | Reached XP level 1. HP: 14/14 MP: 1/1
    66 | D:2      | Reached skill level 1 in Unarmed Combat
   115 | D:1      | Reached XP level 2. HP: 18/19 MP: 2/2
   236 | D:1      | Reached skill level 2 in Unarmed Combat
   271 | D:2      | Reached XP level 3. HP: 8/24 MP: 3/3
   340 | D:2      | Reached skill level 3 in Unarmed Combat
   534 | D:2      | Found an ornate altar of the Wu Jian Council.
   575 | D:4      | Reached XP level 4. HP: 23/29 MP: 4/4
   602 | D:4      | Noticed Natasha
   627 | D:4      | Killed Natasha
   627 | D:4      | Reached skill level 4 in Unarmed Combat
   680 | D:4      | Found a runed gate.
   680 | D:4      | Found a runed gate.
   680 | D:4      | Found a runed gate.
   699 | D:4      | Found a staircase to the Ecumenical Temple.
   709 | D:4      | HP: 1/29 [hound skeleton (1)]
   712 | D:4      | Reached XP level 5. HP: 2/34 MP: 5/5
   751 | Temple   | Entered the Ecumenical Temple
   888 | Temple   | Became a worshipper of Makhleb the Destroyer
   912 | D:4      | Got a shimmering short sword
   913 | D:4      | Identified the +6 short sword "Xekeid" {pierce, Dex+4} (You
                  | found it on level 4 of the Dungeon)
   984 | D:4      | Reached skill level 5 in Unarmed Combat
  1011 | D:4      | Found a glowing drain.
  1021 | Sewer    | Entered a sewer
  1143 | Sewer    | Reached * piety under Makhleb
  1260 | Sewer    | Reached XP level 6. HP: 30/39 MP: 6/6
  1323 | Sewer    | HP: 1/39 [adder (1)]
  1325 | Sewer    | Slain by a bullfrog

Vault maps used:
D:1:      nicolae_arrival_memento_mori
D:2:      first_ration, lemuel_altar_in_water
D:3:      uniq_sigmund
D:4:      temple_fountains, lightli_sewer_entry_pipes, gammafunk_ghost_icy,
          serial_forest, infiniplex_forest_fountain,
          infiniplex_forest_lined_room_3, infiniplex_forest_corner_1,
          infiniplex_forest_straight_2, infiniplex_forest_clump_small,
          infiniplex_forest_end_1, uniq_natasha
Temple:   eino_temple_rhombus
Sewer:    sewer_minmay_w

Skill      XL: |  1  2  3  4  5 |
---------------+----------------+-----
Unarmed Combat | 1 2 3 4 5 |  5.8
Fighting       | |  2.0
Throwing       | |  4.0
Dodging        | |  2.0
Stealth        | |  1.3

Action                   |  1- 3 |  4- 6 || total
-------------------------+-------+-------++-------
Melee: Unarmed           |    64 |   107 ||   171
       Constrict         |    15 |    29 ||    44
       Tentacles         |     7 |    17 ||    24
       Punch             |       |     2 ||     2
Throw: Javelin           |    13 |    13 ||    26
       Throwing net      |       |     2 ||     2
  Use: Potion            |     1 |     3 ||     4
       Scroll            |     1 |       ||     1
 Stab: Sleeping          |     3 |     2 ||     5
  Eat: Chunk             |       |     1 ||     1
Armor: Skin              |     4 |     4 ||     8
Dodge: Dodged            |    40 |    37 ||    77

Table legend:
 A = Non-vault XP
 B = Vault XP
 C = Vault XP percentage of total XP
 D = Non-vault monster count
 E = Vault monster count
 F = Vault count percentage of total count
                 A         B        C        D         E       F
            +---------+---------+-------+---------+---------+-------
      Total |     139 |     228 |  62.1 |      45 |      49 |  52.1
            +---------+---------+-------+---------+---------+-------
        D:1 |      35 |       0 |   0.0 |      17 |       0 |   0.0
        D:2 |      42 |       0 |   0.0 |      20 |       0 |   0.0
        D:4 |      62 |      95 |  60.5 |       8 |       8 |  50.0
      Sewer |       0 |     133 | 100.0 |       0 |      41 | 100.0
            +---------+---------+-------+---------+---------+-------
